 Dungeon Crawl Stone Soup version 0.25.1-2-g60ff931df9 (webtiles) character file.

Game seed: 6176351671904678378

217 Erymatos the Chopper (level 5, -2/47 HPs)
             Began as a Minotaur Berserker on Nov 10, 2020.
             Was a Believer of Trog.
             Slain by an orc
             ... wielding a +0 war axe
              (10 damage)
             ... on level 3 of the Dungeon.
             The game lasted 00:03:06 (2319 turns).

Erymatos the Chopper (Minotaur Berserker)           Turns: 2319, Time: 00:03:07

Health: -2/47      AC:  8    Str: 23    XL:     5   Next: 62%
Magic:  4/4        EV: 12    Int:  4    God:    Trog [**....]
Gold:   85         SH:  0    Dex:  9    Spells: 4/4 levels left

rFire    x . .     SeeInvis .   a - +0 hand axe
rCold    + . .     Gourm    .   (no shield)
rNeg     . . .     Faith    .   j - +0 ring mail
rPois    .         Spirit   .   (helmet restricted)
rElec    .         Reflect  +   (no cloak)
rCorr    .         Harm     .   i - +0 pair of gloves
MR       .....                  q - +0 pair of boots
Stlth    ..........             k - amulet of reflection
HPRegen  0.15/turn              o - ring of ice
MPRegen  0.09/turn              (no ring)

@: confused, berserk cooldown, slowed, very slow
A: retaliatory headbutt, horns 2
a: Berserk, Trog's Hand, Renounce Religion


You were on level 3 of the Dungeon.
You worshipped Trog.
Trog was pleased with you.
You were hungry.

You visited 1 branch of the dungeon, and saw 3 of its levels.

You collected 85 gold pieces.

Inventory:

Hand Weapons
 a - a +0 hand axe (weapon)
Armour
 b - a +0 animal skin
 i - a +0 pair of gloves (worn)
 j - a +0 ring mail (worn)
 q - a +0 pair of boots (worn)
 t - a +0 cloak
Jewellery
 d - an uncursed amulet of the acrobat
 k - an amulet of reflection (around neck)
 o - a ring of ice (left hand)
Scrolls
 f - a scroll of enchant weapon {unknown}
 g - 3 scrolls of identify {unknown}
 l - a scroll of amnesia {unknown}
 n - a scroll of fear {unknown}
 p - a scroll of immolation {unknown}
 s - a scroll of fog {unknown}
Potions
 e - a potion of stabbing {unknown}
 h - a potion of magic {unknown}
 m - a potion of cancellation {unknown}
 r - a potion of flight {unknown}
 v - 2 potions of degeneration {unknown}
 w - a potion of berserk rage {unknown}
Comestibles
 c - 2 rations
 u - 10 chunks of flesh


   Skills:
 + Level 4.9 Fighting
 + Level 5.7 Axes
 + Level 3.5 Armour
 + Level 3.2 Dodging
 + Level 0.3 Stealth


You had 4 spell levels left.
You didn't know any spells.
Your spell library was empty.

Dungeon Overview and Level Annotations

Branches:
Dungeon (3/15)

Altars:
Ashenzari
Nemelex Xobeh
Ru

Portals:
Sewer: D:3


Innate Abilities, Weirdness & Mutations

You reflexively headbutt those who attack you in melee.
You have a pair of horns on your head.


Message History

You hit the orc. You hit the dart slug. You closely miss the orc.
You hear the slow rusting of a distant drain.
Something hits you but does no damage.
Unknown command.
The orc closely misses you.
The orc throws a boomerang.
The boomerang hits you but does no damage.
The weapon returns to the orc!
The dart slug launches a dart at you.
The slug dart hits you but does no damage.
Things that are here:
a +0 dagger; a +0 chain mail You feel a strong urge to attack something.
You hear some strange, mumbled words.
Something tries to affect you, but you resist.
You are no longer berserk.
You are exhausted.
You feel yourself slow down.
The orc throws a boomerang.
The boomerang hits you but does no damage.
The weapon returns to the orc!
The orc hits you with a +0 war axe!
You die...

#.# # #.# #. #.#
#.###.########.
...#.#........
#####.#.#........
#.......#........
##......)#@.......
#######.......#.)o......
##..........###{ow......
##.####.....##.r........
...........###...%......
........................
##.......#.#.#.........#
##.#####.#.#.#.........#
##.# #.... #.........#


You could see a dart slug, 2 orcs and a rat.

Vanquished Creatures
  Crazy Yiuf (D:2)
  3 orc priests (D:3)
  Robin (D:2)
  2 adders (D:2)
  A worm (D:3)
  A leopard gecko (D:2)
  4 orcs (D:3)
  A ball python (D:2)
  5 giant cockroaches
  16 goblins
  7 hobgoblins
  3 jackals (D:1)
  4 kobolds
  A quokka (D:3)
  2 bats (D:2)
  3 frilled lizards
  4 rats
59 creatures vanquished.

Notes
Turn   | Place    | Note
-------+----------+-------------------------------------------
     0 | D:1      | Erymatos the Minotaur Berserker began the quest for the
                  | Orb.
     0 | D:1      | Reached XP level 1. HP: 19/19 MP: 0/0
   607 | D:1      | Reached XP level 2. HP: 22/27 MP: 1/1
   682 | D:1      | Reached skill level 4 in Axes
   942 | D:2      | Found a sparkling altar of Nemelex Xobeh.
   970 | D:2      | Noticed Robin
   980 | D:2      | Killed Robin
   980 | D:2      | Reached XP level 3. HP: 19/33 MP: 2/2
  1286 | D:2      | Found a shattered altar of Ashenzari.
  1300 | D:2      | Reached ** piety under Trog
  1694 | D:2      | Found a sacrificial altar of Ru.
  1766 | D:2      | Found a runed translucent door.
  1767 | D:2      | Noticed Crazy Yiuf
  1963 | D:2      | Killed Crazy Yiuf
  1963 | D:2      | Reached XP level 4. HP: 41/41 MP: 3/3
  2099 | D:3      | Reached skill level 5 in Axes
  2268 | D:3      | Found a glowing drain.
  2307 | D:3      | Reached XP level 5. HP: 22/47 MP: 4/4
  2319 | D:3      | Slain by an orc

Illustrated notes

Levels and vault maps discovered:
D:1:      dpeg_arrival_round_a, layout_basic, corner_web_ring
D:2:      layout_rooms, lemuel_doored_altar, nicolae_ashenzari_panopticon,
          nemelex_xobeh_ov_fountains_minmay, dk_noncrumbling_4,
          hangedman_decor_push, uniq_robin, uniq_crazy_yiuf_cottage
D:3:      layout_loops_ring, portal_sewer_entry_f

Skill      XL: |  1  2  3  4 |
---------------+-------------+-----
Fighting       | 4 |  4.9
Axes           | 4 5 |  5.7
Armour         | 3 |  3.5
Dodging        | 3 |  3.2
Stealth        | |  0.3

Action                   |  1- 3 |  4- 6 || total
-------------------------+-------+-------++-------
Melee: Hand axe          |    67 |    54 ||   121
       Headbutt          |     6 |     6 ||    12
Invok: Berserk           |     2 |     1 ||     3
  Eat: Chunk             |     3 |       ||     3
       Ration            |       |     1 ||     1
Armor: Animal skin       |     2 |       ||     2
       Ring mail         |    25 |    18 ||    43
Dodge: Dodged            |    40 |    26 ||    66
Block: Other             |     8 |    11 ||    19
       Reflection        |       |     1 ||     1
